 Dungeon Crawl Stone Soup version 0.28.0 (webtiles) character file.

Game seed: 9666023631630647424

14342 Crownlay the Spear-Bearer (level 11, -8/102 HPs)
             Began as a Minotaur Gladiator on Feb 13, 2022.
             Was a High Priest of Cheibriados.
             Mangled by Snorg (17 damage)
             ... on level 11 of the Dungeon.
             The game lasted 00:19:57 (12777 turns).

Crownlay the Spear-Bearer (Minotaur Gladiator)     Turns: 12777, Time: 00:19:58

Health: -8/102     AC: 14    Str: 38    XL:     11   Next: 87%
Magic:  16/16      EV: 17    Int: 22    God:    Cheibriados [*****.]
Gold:   577        SH:  7    Dex: 29    Spells: 10/10 levels left

rFire   + + .      SeeInvis .   g - +3 trident "Teerchodo" {venom, rF++ rC+ Int+4}
rCold   + . .      Faith    +   D - +0 buckler
rNeg    . . .      Spirit   .   r - +0 scale mail
rPois   .          Reflect  .   y - +1 hat
rElec   .          Harm     .   G - +2 cloak
rCorr   .          Rampage  .   (no gloves)
Will    .....                   L - +0 pair of boots
Stlth   +.........              z - amulet of Autotheism {Faith Slay+2}
HPRegen 0.27/turn               j - +6 ring of strength
MPRegen 0.15/turn               s - +4 ring of evasion

@: very slow
A: horns 2, retaliatory headbutt
a: Renounce Religion, Bend Time, Temporal Distortion, Slouch, Step From Time


You were on level 11 of the Dungeon.
You worshipped Cheibriados.
Cheibriados was extremely pleased with you.
You visited 1 branch of the dungeon, and saw 11 of its levels.

You collected 610 gold pieces.
You spent 33 gold pieces at shops.

Inventory:

Hand Weapons
 g - the +3 trident "Teerchodo" (weapon) {venom, rF++ rC+ Int+4}
   (You found it on level 4 of the Dungeon)

   It poisons the flesh of those it strikes.
   Int:       It affects your intelligence (+4).
   rF:        It greatly protects you from fire.
   rC:        It protects you from cold.
Armour
 r - a +0 scale mail (worn)
 y - a +1 hat (worn)
 D - a +0 buckler (worn)
 F - a +0 plate armour
 G - a +2 cloak (worn)
 L - a +0 pair of boots (worn)
Jewellery
 i - a ring of ice
 j - a +6 ring of strength (left hand)
 p - a ring of resist corrosion
 s - a +4 ring of evasion (right hand)
 z - the amulet of Autotheism (around neck) {Faith Slay+2}
   (You found it on level 6 of the Dungeon)

   [amulet of faith]

   It allows you to gain divine favour quickly.
   Slay:      It affects your accuracy & damage with ranged weapons and melee
   (+2).
 N - a ring of ice
Wands
 c - a wand of paralysis (9)
 v - a wand of iceblast (15)
 B - a wand of acid (6)
 K - a wand of flame (9)
Scrolls
 a - 3 scrolls of enchant armour
 f - 2 scrolls of amnesia
 h - 3 scrolls of blinking
 l - 2 scrolls of magic mapping
 m - 7 scrolls of teleportation
 u - 2 scrolls of vulnerability
 C - a scroll of brand weapon
 I - a scroll of fog {unknown}
 J - a scroll of immolation {unknown}
 M - a scroll of enchant weapon {unknown}
Potions
 b - 4 potions of heal wounds {unknown}
 d - a potion of mutation {unknown}
 e - 3 potions of cancellation
 k - 4 potions of haste
 n - a potion of ambrosia {unknown}
 o - 3 potions of degeneration
 q - 5 potions of lignification
 t - a potion of brilliance {unknown}
 w - a potion of magic {unknown}
 x - 2 potions of curing {unknown}
 A - 2 potions of flight
 E - a potion of resistance {unknown}
 H - a potion of might {unknown}


   Skills:
 * Level 11.2 Fighting
 - Level 14.0 Polearms
 - Level 2.0 Throwing
 + Level 9.5 Armour
 - Level 3.2 Dodging
 + Level 5.4 Shields
 * Level 8.8 Invocations


You had 10 spell levels left.
You didn't know any spells.
Your spell library contained the following spells:

 Spells                   Type           Power      Damage    Failure   Level
 Freezing Cloud           Conj/Ice/Air   0%         6-21      100%        5
 Simulacrum               Ice/Necr       0%         N/A       100%        6
 Polar Vortex             Ice            0%         N/A       100%        9


Dungeon Overview and Level Annotations

Branches:
Dungeon (11/15)            Temple (0/1) D:7            Lair (0/6) D:8
    Orc (0/2) D:10

Altars:
Cheibriados
Dithmenos
Fedhas
Gozag
Kikubaaqudgha
Makhleb
Nemelex Xobeh
Okawaru
Ru
Trog
Uskayaw
Zin

Shops:
D:2 !   D:3 !   D:10 *

Annotations:
D:11 Snorg


Innate Abilities, Weirdness & Mutations

You have a pair of horns on your head.
You reflexively headbutt those who attack you in melee.


Message History

You block Snorg's attack. x2; Snorg closely misses you.
The howler monkey hoots and howls with incredible vigour!
A shadow comes into view.
You hit Snorg.
Snorg looks as sick as possible!
Snorg is moderately wounded.
You block Snorg's attack. Snorg misses you. Snorg claws you but does no damage.
You closely miss Snorg.
Snorg is moderately wounded.
Snorg bites you! Snorg misses you. You block Snorg's attack.
You hit Snorg.
Snorg looks as sick as possible!
Snorg is moderately wounded.
Snorg bites you but does no damage. Snorg misses you. Snorg barely misses you.
The howler monkey hoots and howls with incredible vigour!
You hear a shout!
You barely miss Snorg.
Snorg is moderately wounded.
Snorg closely misses you. Snorg claws you! Snorg misses you.
You are too injured to fight recklessly!
You are too injured to fight recklessly!
You are too injured to fight recklessly!
You are too injured to fight recklessly!
You are too injured to fight recklessly!
You are too injured to fight recklessly!
You are too injured to fight recklessly!
You are too injured to fight recklessly!
You are too injured to fight recklessly!
You are too injured to fight recklessly!
You are too injured to fight recklessly!
You are too injured to fight recklessly!
You impale Snorg!!
Snorg looks as sick as possible!
Snorg is heavily wounded.
Snorg bites you!!
* * * LOW HITPOINT WARNING * * *
Snorg misses you. Snorg completely misses you.
You barely miss Snorg.
Snorg is heavily wounded.
Snorg bites you!
* * * LOW HITPOINT WARNING * * *
Snorg claws you!
You die...

.......<...#
##.##
..############
##.## . #.
#..# #. ###.
#..## ##.#.#.
####.#.##
#......
#....#...
..h....##
#.#######
.......h#####
#....#...
.....5h4KT@.#
####..#.##
......Wh###.#
#.....#.#
.......## #.#
#.......##
..#...# #.####
#...##)#..
...... #....#
##.###.#.<
.####. ####.#
#.# #.... #
#.# #.# ####.
#.# #.# #. ###
#.# #.# #.


You could see Snorg (berserk, extremely poisoned), a kobold demonologist, a red
devil (summoned), a shadow, 3 howler monkeys and a crimson imp (summoned).

Vanquished Creatures
  Gastronok (D:9)
  A boulder beetle (D:8)
  A hydra (D:11)
  Erica (D:8)
  2 two-headed ogres (D:11)
  A manticore (D:7)
  A cyclops (D:11)
  Joseph (D:8)
  Maggie (D:8)
  A hornet (D:9)
  5 slime creatures (D:8)
  A meliai zombie (D:11)
  A wyvern (D:9)
  A shadow (D:10)
  A wraith (D:10)
  4 yaks (D:10)
  2 vampire mosquitoes (D:10)
  3 wargs (D:10)
  A basilisk (D:10)
  3 steam dragons
  Grum (D:8)
  An acid dragon (D:11)
  2 swamp worms (D:8)
  6 water moccasins
  2 sky beasts (D:6)
  A black bear (D:8)
  2 hornet zombies
  4 orc warriors
  A necrophage (D:8)
  2 wolves (D:8)
  4 centaurs
  A kobold brigand (D:7)
  6 bullfrogs
  4 scorpions
  A water moccasin zombie (D:5)
  A water moccasin skeleton (D:6)
  20 killer bees
  13 wights
  An electric eel (D:7)
  A bullfrog zombie (D:5)
  A centaur zombie (D:9)
  3 jellies
  3 orc priests
  2 hounds (D:6)
  A bullfrog skeleton (D:6)
  2 centaur skeletons (D:7)
  Terence (D:2)
  3 iguanas (D:5)
  6 orc wizards
  A scorpion zombie (D:5)
  A killer bee zombie (D:8)
  A howler monkey zombie (D:9)
  5 gnolls
  10 adders
  A shadow imp (D:6)
  5 white imps
  3 ufetubi
  3 adder skeletons
  A worm (D:4)
  2 dart slugs
  26 orcs
  2 ball pythons
  6 bats
  5 endoplasms
  5 giant cockroaches
  5 goblins
  8 hobgoblins
  3 jackals (D:2)
  7 kobolds
  3 quokkas
  9 frilled lizards
  6 rats
247 creatures vanquished.

Vanquished Creatures (others)
  A hobgoblin (D:7)
  50 fungi (D:8)
  61 plants
112 creatures vanquished.

Grand Total: 359 creatures vanquished

Notes
Turn   | Place    | Note
-------+----------+-------------------------------------------
     0 | D:1      | Crownlay the Minotaur Gladiator began the quest for the
                  | Orb.
     0 | D:1      | Reached XP level 1. HP: 18/18 MP: 0/0
   149 | D:1      | Reached skill level 4 in Polearms
   176 | D:1      | Reached XP level 2. HP: 25/25 MP: 1/1
   644 | D:1      | Reached skill level 5 in Polearms
   965 | D:2      | Reached XP level 3. HP: 30/30 MP: 2/2
  1093 | D:2      | Found Unam's Distillery.
  1101 | D:2      | Bought a potion of degeneration for 13 gold pieces
  1136 | D:2      | Found a faded altar of an unknown god.
  1612 | D:2      | Found a sacrificial altar of Ru.
  1678 | D:2      | Reached XP level 4. HP: 37/37 MP: 3/3
  1774 | D:2      | Noticed Terence
  1781 | D:2      | Killed Terence
  1782 | D:2      | Reached skill level 6 in Polearms
  1926 | D:3      | Found Quroahio's Distillery.
  2095 | D:3      | Reached skill level 1 in Armour
  2641 | D:3      | Reached XP level 5. HP: 42/42 MP: 4/4
  2947 | D:4      | Reached skill level 7 in Polearms
  3140 | D:4      | Identified the +3 trident "Teerchodo" {venom, rF++ rC+
                  | Int+4}
  3198 | D:4      | Reached XP level 6. HP: 43/50 MP: 5/5
  3721 | D:5      | Entered Level 5 of the Dungeon
  3800 | D:5      | Reached skill level 8 in Polearms
  4392 | D:5      | Reached XP level 7. HP: 56/56 MP: 6/6
  5089 | D:6      | Reached skill level 9 in Polearms
  5172 | D:6      | Identified the amulet of Autotheism {Faith Slay+2}
  5341 | D:6      | Reached skill level 5 in Armour
  5417 | D:6      | Found a blossoming altar of Fedhas.
  5436 | D:6      | Reached skill level 10 in Polearms
  5552 | D:6      | Reached XP level 8. HP: 62/62 MP: 7/7
  5611 | D:6      | Found a sacrificial altar of Ru.
  5611 | D:6      | Found a hide-covered altar of Uskayaw.
  5611 | D:6      | Found an ancient bone altar of Kikubaaqudgha.
  5618 | D:6      | Found a bloodstained altar of Trog.
  5626 | D:6      | Found an opulent altar of Gozag.
  5629 | D:6      | Found a snail-covered altar of Cheibriados.
  5632 | D:6      | Found a shadowy altar of Dithmenos.
  5637 | D:6      | Became a worshipper of Cheibriados the Contemplative
  5991 | D:7      | Reached skill level 1 in Shields
  5991 | D:7      | Reached skill level 1 in Invocations
  6293 | D:7      | Reached skill level 11 in Polearms
  6385 | D:7      | Noticed a manticore
  6823 | D:7      | Killed a manticore
  6999 | D:7      | Found a staircase to the Ecumenical Temple.
  7027 | D:7      | Reached XP level 9. HP: 53/71 MP: 8/10
  7120 | D:7      | Found a sparkling altar of Nemelex Xobeh.
  7125 | D:7      | Reached * piety under Cheibriados
  7499 | D:7      | Reached skill level 12 in Polearms
  7713 | D:7      | Found an iron altar of Okawaru.
  8150 | D:8      | Reached ** piety under Cheibriados
  8202 | D:8      | Noticed Erica
  8216 | D:8      | Killed Erica
  8217 | D:8      | Reached skill level 13 in Polearms
  8254 | D:8      | Reached skill level 5 in Invocations
  8391 | D:8      | Reached skill level 14 in Polearms
  8545 | D:8      | Reached XP level 10. HP: 60/78 MP: 12/12
  8554 | D:8      | Reached skill level 5 in Fighting
  8998 | D:8      | Noticed Grum
  9009 | D:8      | Killed Grum
  9009 | D:8      | Reached *** piety under Cheibriados
  9204 | D:8      | Noticed Joseph
  9212 | D:8      | Killed Joseph
  9382 | D:8      | Found a staircase to the Lair.
  9719 | D:8      | Noticed Maggie
  9730 | D:8      | Killed Maggie
 10001 | D:8      | Noticed a boulder beetle
 10016 | D:8      | Killed a boulder beetle
 10421 | D:8      | Reached **** piety under Cheibriados
 10853 | D:9      | Reached XP level 11. HP: 91/95 MP: 15/15
 10972 | D:9      | Noticed Gastronok
 10990 | D:9      | Killed Gastronok
 11403 | D:9      | Found a glowing silver altar of Zin.
 11425 | D:9      | Reached skill level 10 in Fighting
 11427 | D:9      | Reached ***** piety under Cheibriados
 11556 | D:10     | Entered Level 10 of the Dungeon
 12004 | D:10     | Found a staircase to the Orcish Mines.
 12064 | D:10     | Found Edicsory's General Store.
 12067 | D:10     | Bought a scroll of identify for 20 gold pieces
 12153 | D:11     | Noticed a five-headed hydra
 12158 | D:11     | Noticed a two-headed ogre
 12161 | D:11     | Killed a five-headed hydra
 12167 | D:11     | Killed a two-headed ogre
 12168 | D:11     | Reached skill level 5 in Shields
 12357 | D:11     | Found a burning altar of Makhleb.
 12363 | D:11     | Noticed a two-headed ogre
 12373 | D:11     | Killed a two-headed ogre
 12761 | D:11     | Noticed Snorg
 12777 | D:11     | Mangled by Snorg

Illustrated notes

Levels and vault maps discovered:
D:1:      elethiomel_arrival_quiet, layout_basic, serial_glass, glass_columns_b,
          glass_columns_c, nrook_mini_backslash
D:2:      cheibrodos_helix_gallery, layout_basic, basic_altar, serial_shops,
          nicolae_square_shop, basic_ecumenical_altar, feat_on_display,
          uniq_terence
D:3:      layout_loops_ring, serial_shops, nicolae_shop_stone,
          serial_bayou_pond_e
D:4:      layout_basic, kennysheep_nub, hangedman_minor_gate_pass
D:5:      layout_layer_cave, minmay_lizard_king
D:6:      layout_basic, nicolae_overflow_hallway_of_the_gods,
          fedhas_ov_isle_minmay, grunt_ministairs_10
D:7:      layout_layer_cave, mainiacjoe_overflow_alcove_1,
          okawaru_altar_gauntlet_db, minmay_temple_entry_arrows,
          chequers_serial_rivers_micro_a, nicolae_lava_and_water
D:8:      layout_layer_cave, due_lair_maze_entry_diamond, worms_lemuel,
          uniq_maggie, uniq_joseph, uniq_erica, uniq_grum
D:9:      layout_roguey, overflow_temple_1_default, uniq_gastronok
D:10:     layout_cave_pools, minmay_orc_entry_guard_dogs, serial_shops,
          kennysheep_mini_moat
D:11:     layout_loops_ring, nicolae_trove_entry_diagonal, bloody_makhleb,
          uniq_snorg

Skill      XL: |  1  2  3  4  5  6  7  8  9 10 11 |
---------------+----------------------------------+-----
Polearms       | 4 5 6 7 8 10 11 14 | 14.0
Armour         | 1 2 3 5 8 9 |  9.5
Fighting       | 4 8 11 | 11.2
Shields        | 3 4 5 |  5.4
Invocations    | 2 5 6 8 |  8.8
Throwing       | |  2.0
Dodging        | |  3.2

Action                   |  1- 3 |  4- 6 |  7- 9 | 10-12 || total
-------------------------+-------+-------+-------+-------++-------
Melee: Trident           |    92 |    97 |   230 |   305 ||   724
       Headbutt          |     7 |    15 |    41 |    63 ||   126
       Punch             |     1 |       |     2 |       ||     3
       Spear             |       |    26 |       |       ||    26
Throw: Throwing net      |       |       |       |     4 ||     4
  Use: Scroll            |       |     5 |     6 |     3 ||    14
 Stab: Held in net/web   |       |       |       |     5 ||     5
Armor: Leather armour    |    20 |       |       |       ||    20
       Scale mail        |       |    20 |    35 |    57 ||   112
Dodge: Dodged            |    40 |    45 |    97 |   179 ||   361
Block: Buckler           |       |       |       |    55 ||    55
